 Dungeon Crawl Stone Soup version 0.30-a0-719-gcc4359ea44 (webtiles) character file.

Game seed: 17501395482433356302

37 Dittersdorf the Shield-Bearer (level 3, -1/24 HPs)
             Began as a Gargoyle Fighter on Jan 26, 2023.
             Slain by Terence
             ... wielding a +4 antimagic flail
              (7 damage)
             ... on level 2 of the Dungeon.
             The game lasted 00:00:56 (1199 turns).

Dittersdorf the Shield-Bearer (Gargoyle Fighter)    Turns: 1199, Time: 00:00:56

Health: -1/24      AC: 11    Str: 21    XL:     3   Next: 41%
Magic:  1/3        EV:  9    Int:  8    God:
Gold:   71         SH:  4    Dex:  9    Spells: 2/2 levels left

rFire   . . .      SeeInvis .    a - +0 flail
rCold   . . .      Faith    .    c - +0 buckler
rNeg    + . .      Spirit   .    b - +0 scale mail
rPois   ∞          Reflect  .    f - +0 helmet
rElec   +          Harm     .    (no cloak)
rCorr   .          Rampage  .    (no gloves)
Will    .....                    (no boots) Stlth
                                 (no amulet)
HPRegen 0.24/turn                (no ring)
MPRegen 0.08/turn                (no ring)

@: no status effects
A: sickness immunity, AC +3, negative energy resistance 1, electricity
resistance, torment resistance 1, petrification resistance
a: no special abilities


You were on level 2 of the Dungeon.
You visited 1 branch of the dungeon, and saw 2 of its levels.

You collected 71 gold pieces.

Inventory:

Hand Weapons
 a - a +0 flail (weapon)
Armour
 b - a +0 scale mail (worn)
 c - a +0 buckler (worn)
 f - a +0 helmet (worn)
Jewellery
 j - a ring of fire
Scrolls
 g - a scroll of amnesia {unknown}
 i - 4 scrolls of identify {unknown}
 l - a scroll of poison {unknown}
Potions
 d - a potion of might
 e - a potion of lignification {unknown}
 h - a potion of attraction {unknown}
 k - a potion of ambrosia {unknown}


   Skills:
 + Level 3.7 Fighting
 + Level 2.5 Maces & Flails
 + Level 3.7 Armour
 + Level 3.7 Shields


You had 2 spell levels left.
You didn't know any spells.
Your spell library contained the following spells:

 Spells                   Type           Power      Damage    Failure   Level
 Ozocubu's Armour         Ice            0%         N/A       99%         3
 Ozocubu's Refrigeration  Ice            0%         4d7       100%        7


Dungeon Overview and Level Annotations

Branches:
Dungeon (2/15)

Altars:

Annotations:
D:2 Terence


Innate Abilities, Weirdness & Mutations

You are immune to sickness and miasma.
Your stone body is resilient. (AC +3)
You are immune to poison.
You resist negative energy. (rN+)
You are resistant to electric shocks. (rElec)
You are resistant to unholy torment.
You are immune to petrification.


Message History

You are too injured to fight recklessly!
You are too injured to fight recklessly!
You completely miss Terence.
Terence is lightly wounded.
You block Terence's attack.
Terence hits you with a +4 antimagic flail.
* * * LOW HITPOINT WARNING * * *
You hit Terence but do no damage.
Terence is lightly wounded.
Terence hits you but does no damage.
You hit Terence but do no damage.
Terence is lightly wounded.
Terence barely misses you.
You hit Terence.
Terence is moderately wounded.
Terence hits you with a +4 antimagic flail.
* * * LOW HITPOINT WARNING * * *
Terence hits you with a +4 antimagic flail.
* * * LOW HITPOINT WARNING * * *
You hit Terence but do no damage.
Terence is moderately wounded.
Terence barely misses you.
You hit Terence.
Terence is heavily wounded.
Terence hits you but does no damage.
You barely miss Terence.
Terence is heavily wounded.
Terence barely misses you. You block Terence's attack.
You closely miss Terence.
Terence is heavily wounded.
Terence hits you but does no damage.
You hit Terence.
Terence is severely wounded.
Terence barely misses you.
You barely miss Terence.
Terence is severely wounded.
You block Terence's attack.
Terence says, "Time to say good-bye..."
Terence hits you with a +4 antimagic flail!
You die...

#.##.# #.# #.#
#.##.###.# #.#
#...†....######.#####
##.#.######.........#
#....######.###...#.##
...............†.....+
#....######.###.....##
##....# #.# #..#..#
##.#.# #.# #.@...#
#...# #.# #@###.#
##.## #...... .# #.#
#####.# ## #.# #.# #)#
.. #># #. #.# #.
####.#


You could see Terence.

Vanquished Creatures
  A dart slug (D:1)
  A bat (D:2)
  2 endoplasms (D:2)
  3 giant cockroaches
  4 goblins
  2 hobgoblins (D:1)
  7 jackals
  A quokka (D:1)
  2 ball pythons (D:1)
  4 frilled lizards
  A kobold (D:2)
  2 rats
30 creatures vanquished.

Notes
Turn   | Place    | Note
-------+----------+-------------------------------------------
     0 | D:1      | Dittersdorf the Gargoyle Fighter began the quest for the
                  | Orb.
     0 | D:1      | Reached XP level 1. HP: 14/14 MP: 1/1
    81 | D:1      | Reached XP level 2. HP: 18/19 MP: 2/2
   401 | D:1      | Found a faded altar of an unknown god.
   992 | D:2      | Reached XP level 3. HP: 23/23 MP: 3/3
  1185 | D:2      | Noticed Terence
  1199 | D:2      | Slain by Terence

Illustrated notes

Levels and vault maps discovered:
D:1:      spicycebolla_green_bress_n_ham, layout_loops_ring,
          basic_ecumenical_altar, columned_hall_lemuel
D:2:      layout_loops_corners, chequers_decorated_corner, uniq_sigmund,
          uniq_terence

Action                     || total
---------------------------++-------
  Melee: Flail             ||   133
 Armour: Scale mail        ||    66
  Dodge: Dodged            ||    82
  Block: Buckler           ||    35

Table legend: (Time is in decaauts)
 A = Elapsed time spent in this place.
 B = Non-inter-level travel time spent in this place.
 C = Inter-level travel time spent in this place.
 D = Time resting spent in this place.
 E = Time spent auto-exploring this place.
 F = Levels seen in this place.
 G = Mean time per level.
                   A        B        C        D        E       F      G
               +--------+--------+--------+--------+--------+-----+--------+
         Total |   1241 |   1169 |     72 |     10 |    900 |   2 |  620.5 |
       Dungeon |   1241 |   1169 |     72 |     10 |    900 |   2 |  620.5 |
               +--------+--------+--------+--------+--------+-----+--------+

Top non-repeatable levels by time:
     D:1: 910 daAuts
     D:2: 330 daAuts
